General information
- name: BNet
- type: Ladder 1vs1/FFA
- host: Battle.net
- saver: ZombieMachoMan
map: LostTemple
- players: 2
- length: 18:15
- speed: Fast
- version: 1.26 W3XP
- replay type: Public
» download(57 KB)
Players
team 1 (winner)
ZombieMachoMan (
yellow | 79 APM | 1436 actions | 18:15)
4 Archmage
2 Blizzard
2 Brilliance Aura
2 Blood Mage
1 Flame Strike
1 Banish
» actions
| Assign group hotkey | 37 | |
| Basic commands | 93 | |
| Build / train | 109 | |
| ESC pressed | 2 | |
| Enter build submenu | 39 | |
| Enter hero's abilities submenu | 6 | |
| Give item / drop item | 4 | |
| Right click | 545 | |
| Select / deselect | 299 | |
| Select group hotkey | 148 | |
| Use ability | 154 | |
1436 total
» units
| Peasant | 31 | |
| Goblin Shredder | 1 | |
| Goblin Zeppelin | 2 | |
| Dragonhawk Rider | 8 | |
| Gryphon Rider | 3 | |
| Sorceress | 2 | |
47 total
» upgrades
| Swords | 2 | |
| Armor | 2 | |
| Masonry | 2 | |
| Magic Sentry | 1 | |
| Sorceress Training | 2 | |
| Cloud | 1 | |
| Storm Hammers | 1 | |
| Fragmentation Shards | 1 | |
12 total
» buildings
| Altar of Kings | 1 | |
| Farm | 6 | |
| Arcane Vault | 1 | |
| Lumber Mill | 1 | |
| Scout Tower | 29 | |
| Arcane Tower | 5 | |
| Town Hall | 1 | |
| Keep | 1 | |
| Guard Tower | 12 | |
| Blacksmith | 2 | |
| Gryphon Aviary | 4 | |
| Arcane Sanctum | 1 | |
| Castle | 1 | |
| Workshop | 1 | |
| Barracks | 1 | |
67 total
» build order
00:05 Altar of Kings
00:27 Farm
00:30 Farm
00:56 Arcane Vault
01:22 Lumber Mill
01:37 Scout Tower
01:58 Farm
02:38 Arcane Tower
03:23 Scout Tower
03:30 Town Hall
03:34 Scout Tower
03:48 Scout Tower
04:34 Arcane Tower
04:34 Arcane Tower
05:28 Keep
05:31 Scout Tower
05:31 Scout Tower
05:32 Scout Tower
05:33 Scout Tower
05:49 Arcane Tower
05:51 Scout Tower
05:51 Scout Tower
05:52 Scout Tower
05:55 Scout Tower
05:56 Scout Tower
06:03 Guard Tower
06:31 Guard Tower
06:36 Guard Tower
06:37 Guard Tower
06:38 Guard Tower
06:39 Guard Tower
07:30 Scout Tower
07:32 Scout Tower
07:37 Guard Tower
07:40 Scout Tower
07:41 Scout Tower
08:00 Farm
08:00 Farm
08:02 Guard Tower
08:14 Blacksmith
08:27 Gryphon Aviary
08:27 Gryphon Aviary
08:27 Gryphon Aviary
08:50 Guard Tower
09:29 Scout Tower
09:30 Scout Tower
09:32 Scout Tower
09:32 Scout Tower
09:33 Scout Tower
09:33 Scout Tower
09:41 Gryphon Aviary
10:20 Guard Tower
10:46 Guard Tower
11:26 Arcane Sanctum
11:48 Castle
12:57 Arcane Tower
12:57 Guard Tower
13:51 Workshop
16:22 Scout Tower
16:23 Scout Tower
16:23 Scout Tower
16:24 Scout Tower
16:25 Scout Tower
16:25 Scout Tower
16:59 Barracks
» items
| Mechanical Critter | 2 | |
| Lesser Clarity Potion | 2 | |
| Scroll of Regeneration | 5 | |
| Potion of Healing | 5 | |
| Ivory Tower | 3 | |
| Scroll of Town Portal | 2 | |
| Potion of Mana | 2 | |
| Staff of Sanctuary | 1 | |
| Orb of Fire | 1 | |
23 total
team 2 (loser)

»
Carryme2victorY (
teal | 54 APM | 989 actions | 18:14)
3 Blademaster
2 Wind Walk
1 Critical Strike
2 Shadow Hunter
1 Hex
1 Healing Wave
» actions
| Assign group hotkey | 12 | |
| Basic commands | 4 | |
| Build / train | 44 | |
| ESC pressed | 8 | |
| Enter build submenu | 35 | |
| Enter hero's abilities submenu | 5 | |
| Right click | 465 | |
| Select / deselect | 263 | |
| Select group hotkey | 97 | |
| Use ability | 56 | |
989 total
» units
| Peon | 16 | |
| Grunt | 3 | |
| Wind Rider | 3 | |
| Raider | 4 | |
| Demolisher | 2 | |
28 total
» upgrades
| Melee Weapons | 1 | |
| Shaman Training | 2 | |
| Ensnare | 1 | |
| Armor | 1 | |
| Ranged Weapons | 1 | |
6 total
» buildings
| Altar of Storms | 1 | |
| Orc Burrow | 10 | |
| War Mill | 1 | |
| Barracks | 1 | |
| Stronghold | 1 | |
| Watch Tower | 11 | |
| Beastiary | 2 | |
| Spirit Lodge | 1 | |
| Voodoo Lounge | 1 | |
| Great Hall | 2 | |
| Fortress | 1 | |
32 total
» build order
00:05 Altar of Storms
00:07 Orc Burrow
01:01 War Mill
01:19 Barracks
01:45 Orc Burrow
03:45 Orc Burrow
04:01 Stronghold
04:46 Watch Tower
04:47 Watch Tower
05:59 Orc Burrow
06:29 Beastiary
06:41 Spirit Lodge
07:35 Voodoo Lounge
09:51 Great Hall
09:54 Watch Tower
09:55 Watch Tower
10:09 Great Hall
10:10 Watch Tower
10:13 Watch Tower
10:23 Beastiary
10:38 Orc Burrow
11:22 Watch Tower
11:23 Watch Tower
12:13 Fortress
15:19 Orc Burrow
16:10 Watch Tower
16:11 Watch Tower
16:14 Watch Tower
16:20 Orc Burrow
17:18 Orc Burrow
17:28 Orc Burrow
17:29 Orc Burrow
» items
Chat log
(11:32 / All) Carryme2victorY: such a faggot